 Dungeon Crawl Stone Soup version 0.25-a0-424-g80bd347ae0 (webtiles) character file.

Game seed: 15443773533049312410, levelgen mode: deterministic

74765 Bikalo the Spear-Bearer (level 15, -2/130 HPs)
             Began as a Demonspawn Fighter on Jan 23, 2020.
             Was the Champion of Yredelemnul.
             Slain by a six-headed hydra (22 damage)
             ... on level 4 of the Swamp.
             The game lasted 01:01:18 (26877 turns).

Bikalo the Spear-Bearer (Demonspawn Fighter)       Turns: 26877, Time: 01:01:18

Health: -2/130     AC: 17    Str: 20    XL:     15   Next: 7%
Magic:  21/21      EV:  9    Int:  9    God:    Yredelemnul [******]
Gold:   1694       SH: 16    Dex: 15    Spells: 14/14 levels left

rFire    + . .     SeeInvis +   d - +7 spear of Ilixul {vamp, Str+4}
rCold    + . .     Gourm    .   c - +1 shield
rNeg     + . .     Faith    .   K - +0 swamp dragon scales
rPois    +         Spirit   .   (helmet unavailable)
rElec    +         Reflect  +   i - +0 cloak
rCorr    +         Harm     .   w - +1 pair of gloves of Wutolib {+Blink rN+ Str-5 Slay+5}
MR       +....                  (no boots)
Stlth    +.........             s - +3 amulet of reflection
HPRegen  0.31/turn              o - ring of protection from fire
MPRegen  0.17/turn              U - ring "Zoabee" {rElec rC+ rCorr Dex+2}

@: studying Necromancy, very slow
A: antennae 3, thin metallic scales 2, demonic guardian 2, dopey 1, low mp 1,
powered by pain 1, robust 1
a: Recall Undead Slaves, Injury Mirror, Animate Dead, Drain Life, Enslave Soul,
Renounce Religion, Evoke Blink


You were on level 4 of the Swamp.
You worshipped Yredelemnul.
Yredelemnul was exalted by your worship.
You were near starving.

You visited 6 branches of the dungeon, and saw 26 of its levels.
You also visited: Ossuary.

You collected 2213 gold pieces.
You spent 519 gold pieces at shops.

Inventory:

Hand Weapons
 a - the +5 fustibalus "Agiyttuz" {freeze, +Inv rC+}
   (You found it on level 1 of the Lair of Beasts)

   It causes projectiles fired from it to freeze those they strike, causing
   extra injury to most foes and up to half again as much damage against
   particularly susceptible opponents.
   They can also slow down cold-blooded creatures.
   It protects you from cold.
   It lets you turn invisible.
 b - a +2 spear of venom
 d - the +7 spear of Ilixul (weapon) {vamp, Str+4}
   (You took it off a spriggan rider on level 2 of the Swamp)

   It inflicts no extra harm, but heals its wielder when it wounds a living foe.
   It affects your strength (+4).
 H - a +1 trident of protection
Missiles
 T - 85 sling bullets
Armour
 c - a +1 shield (worn)
 i - a +0 cloak (worn)
 p - the +0 buckler of Uskayaw's Whim {rC- rN+++ Stlth+}
   (You bought it in a shop on level 2 of the Orcish Mines)

   It makes you vulnerable to cold.
   It renders you almost immune to negative energy.
   It makes you more stealthy.
 w - the +1 pair of gloves of Wutolib (worn) {+Blink rN+ Str-5 Slay+5}
   (You found it on level 7 of the Dungeon)

   It affects your strength (-5).
   It affects your accuracy and damage with ranged weapons and melee attacks
   (+5).
   It protects you from negative energy.
   It lets you blink.
 K - +0 swamp dragon scales (worn)
Jewellery
 k - an uncursed ring of see invisible
 l - an uncursed amulet of magic regeneration
 m - an uncursed amulet of rage
 o - a ring of protection from fire (left hand)
 s - a +3 amulet of reflection (around neck)
 D - an uncursed ring of ice
 F - an uncursed ring of resist corrosion
 M - a +5 ring of dexterity
 N - the ring of Masycag {Ice Int+3 Stlth+}
   (You found it on level 5 of the Lair of Beasts)

   [ring of ice]

   It enhances your ice magic.
   It affects your intelligence (+3).
   It makes you vulnerable to fire.
   It protects you from cold.
   It makes you more stealthy.
 U - the ring "Zoabee" (right hand) {rElec rC+ rCorr Dex+2}
   (You found it on level 2 of the Swamp)

   [ring of resist corrosion]

   It affects your dexterity (+2).
   It protects you from cold.
   It insulates you from electricity.
   It provides partial protection from all sources of acid and corrosion.
 W - an uncursed amulet of regeneration
Wands
 n - a wand of disintegration (17)
 v - a wand of acid (17)
 z - a wand of iceblast (18)
 B - a wand of flame (20)
 G - a wand of paralysis (9)
 I - a wand of digging (5)
 J - a wand of random effects (23)
Scrolls
 e - 10 scrolls of identify
 h - 5 scrolls of enchant weapon
 q - 8 scrolls of remove curse
 r - 4 scrolls of enchant armour
 u - a scroll of fog
 x - a scroll of brand weapon
 y - a scroll of summoning
 A - 2 scrolls of blinking
 C - a scroll of fear
 L - 3 scrolls of teleportation
 Y - a scroll of silence {unknown}
Potions
 g - 4 potions of magic
 j - 2 potions of cancellation
 t - a potion of resistance
 E - 2 potions of brilliance
 O - a potion of agility
 P - a potion of ambrosia
 Q - 4 potions of haste
 S - 2 potions of invisibility
 V - a potion of flight
 X - a potion of curing
 Z - 2 potions of might
Books
 R - a manual of Necromancy
Comestibles
 f - 28 rations


   Skills:
 + Level 11.6 Fighting
 * Level 14.2 Polearms
 + Level 5.8 Slings
 + Level 10.8 Armour
 + Level 10.8 Shields
 + Level 11.1 Invocations


You had 14 spell levels left.
You didn't know any spells.
Your spell library contained the following spells:

 Spells                   Type           Power        Failure   Level  Hunger
 Animate Skeleton         Necr           N/A          71%         1    ##.....
 Magic Dart               Conj           #...         71%         1    ##.....
 Pain                     Necr           #...         71%         1    ##.....
 Passwall                 Tmut/Erth      #.......     85%         2    ###....
 Searing Ray              Conj           #.....       85%         2    ###....
 Swiftness                Chrm/Air       #.......     85%         2    ###....
 Dazzling Flash           Conj/Hex       #.....       97%         3    ####...
 Vampiric Draining        Necr           #.........   97%         3    ####...
 Animate Dead             Necr           N/A          100%        4    #####..
 Cause Fear               Hex            #.........   100%        4    #####..
 Fulminant Prism          Conj/Hex       #.........   100%        4    #####..
 Iskenderun's Mystic Bla  Conj/Tloc      #.......     100%        4    #####..
 Passage of Golubria      Tloc           N/A          100%        4    #####..
 Agony                    Necr           #.......     100%        5    ######.
 Lee's Rapid Deconstruct  Erth           #.........   100%        5    ######.
 Silence                  Hex/Air        #.........   100%        5    ######.
 Yara's Violent Unravell  Hex/Tmut       #.........   100%        5    ######.
 Darkness                 Hex            #.........   100%        6    #######
 Deflect Missiles         Chrm/Air       #.........   100%        6    #######
 Invisibility             Hex            #.......     100%        6    #######
 Discord                  Hex            #.........   100%        8    #######


Dungeon Overview and Level Annotations

Branches:
Dungeon (12/15)            Temple (1/1) D:7            Lair (6/6) D:11
  Swamp (4/4) Lair:4        Snake (0/4) Lair:2        Slime (0/5) Lair:5
    Orc (2/2) D:11            Elf (1/3) Orc:2       Ossuary (visited)

Altars:
Cheibriados
Elyvilon
Fedhas
Hepliaklqana
Kikubaaqudgha
Nemelex Xobeh
Okawaru
Qazlal
Vehumet
Wu Jian
Xom
Yredelemnul
Zin
Jiyva

Shops:
D:6 %   Orc:2 !*}[


Innate Abilities, Weirdness & Mutations

You have a pair of large antennae on your head. (SInv)
You are mostly covered in thin metallic scales. (AC +3)
A demonic guardian rushes to your aid.
You sometimes gain a little power by taking damage.
You are robust. (+10% HP)
You are dopey. (Int -2)
Your magical capacity is low. (-10% MP)


Message History

The forest starts to sway and rumble!
Your spiny frog zombie hits the spriggan druid.
Something misses the spriggan druid.
Something bites the spriggan druid!
With its final breath, the spriggan druid offers up its power to the beasts of the wild!
The six-headed hydra is healed.
The six-headed hydra seems to grow more fierce.
The spriggan druid dies!
Yredelemnul accepts your kill.
You hear a splash. x2
The forest abruptly stops moving.
The six-headed hydra bites you!
* * * LOW HITPOINT WARNING * * *
The six-headed hydra bites you!
* * * LOW HITPOINT WARNING * * *
You focus on the pain.
You feel your power returning. The six-headed hydra bites you.
* * * LOW HITPOINT WARNING * * *
The six-headed hydra bites you but does no damage.
The six-headed hydra bites you!!
You die...
Your body rises from the dead as a mindless zombie.

♣♣ { ≈...≈≈≈♣ ≈♣♣
{♣..♣≈.♣♣♣ .≈♣ ♣≈.≈...≈♣
♣≈♣ ♣♣.≈≈..≈♣ ♣≈♣♣♣
♣...)≈≈.♣ †≈≈≈♣ ♣≈≈V....♣
≈≈≈≈♣ ♣♣ ♣.≈≈Z..♣♣ ≈≈≈.♣
♣≈♣♣♣♣♣♣≈.♣D..♣ ≈≈≈.♣
♣≈≈≈≈♣♣...@3≈♣♣♣ ≈..≈♣
♣≈≈≈≈≈≈.≈..≈.≈.♣
≈..≈♣♣♣≈≈≈≈≈.≈....≈≈♣♣
≈≈.≈v♣♣♣.≈≈≈.≈♣..≈...♣♣♣♣♣♣
≈..≈≈≈≈≈....≈♣♣♣...§......♣
(≈.≈≈≈v.♣♣♣♣♣♣ ♣..♣♣♣≈.≈≈≈♣
♣♣♣≈.≈≈.♣ ♣♣♣♣†♣♣♣≈<.♣♣
♣♣♣♣♣♣♣♣♣ ♣♣♣.≈≈≈≈.≈♣♣♣♣
≈..♣ ♣♣♣≈≈≈≈≈≈≈≈.♣♣♣♣


You could see a six-headed hydra, a friendly sixfirhy and a friendly spiny frog
zombie.

Vanquished Creatures
  The ghost of Jorchehe the Bludgeoner, an adept DgFE (Swamp:2)
  Gastronok (D:8)
  An ettin (Orc:1)
  Harold (D:7)
  5 hydras
  Fannar (Lair:2)
  The ghost of Necrophagist the Destroyer, a journeyman KoCj of Vehumet (Lair:1)
  2 shambling mangroves
  10 alligators
  3 orc high priests (Orc:2)
  A spriggan druid (Swamp:3)
  2 unseen horrors
  A swamp dragon (Swamp:3)
  5 orc knights
  A necromancer (D:10)
  A wolf spider zombie (D:11)
  An ugly thing (D:10)
  2 manticores
  An elephant (Lair:2)
  3 black mambas
  13 spiny frogs
  Psyche (D:8)
  A rime drake (Lair:2)
  5 komodo dragons
  A demonic crawler (Lair:2)
  2 trolls (D:11)
  2 tyrant leeches
  A polar bear (Lair:5)
  10 hornets
  5 hippogriffs
  2 slime creatures (Swamp:1)
  5 bog bodies
  7 blink frogs
  Sigmund (D:3)
  A shadow (Swamp:3)
  2 wyverns
  4 spriggans
  18 yaks
  A basilisk (Lair:6)
  3 hungry ghosts
  7 vampire mosquitoes
  3 wargs (Orc:1)
  7 swamp worms
  3 insubstantial wisps (Swamp:4)
  5 water moccasins
  3 porcupines
  4 swamp drakes
  A black bear (D:10)
  A hornet zombie (D:10)
  An eye of draining (D:12)
  15 orc warriors
  2 sky beasts (D:11)
  4 ogres
  2 phantoms
  15 wolves
  A centaur (D:10)
  9 crocodiles
  2 big kobolds
  3 elf zombies (Ossuary)
  12 bullfrogs
  6 killer bees (D:8)
  4 electric eels
  4 wights (D:10)
  4 howler monkeys
  5 crimson imps
  3 hounds (D:10)
  3 jellies
  2 bullfrog zombies
  16 orc priests
  A bullfrog skeleton (D:4)
  A gnoll shaman (D:8)
  Crazy Yiuf (D:7)
  2 iguanas
  11 orc wizards
  5 worker ants
  4 polar bear simulacra (D:10)
  2 wolf simulacra (D:10)
  2 big kobold zombies (Ossuary)
  A hound zombie (D:6)
  3 hound skeletons
  3 mummies (Ossuary)
  A howler monkey zombie (D:11)
  7 gnolls
  14 adders
  2 river rats (D:6)
  2 oozes
  6 adder zombies (Ossuary)
  2 worms
  A dart slug (D:4)
  7 leopard geckos
  60 orcs
  3 ball pythons
  4 giant cockroaches
  17 goblins
  10 hobgoblins
  11 jackals
  20 kobolds
  2 quokkas
  7 bats
  4 frilled lizards
  2 goblin zombies (Ossuary)
  6 hobgoblin zombies (Ossuary)
  6 jackal zombies (Ossuary)
  4 kobold zombies (Ossuary)
  A leopard gecko skeleton (D:4)
  2 orc zombies (Ossuary)
  2 quokka skeletons (D:6)
  2 quokka zombies
  13 rats
  3 rat zombies (Ossuary)
  3 river rat simulacra (D:10)
536 creatures vanquished.

Vanquished Creatures (collateral kills)
  6 hydras
  3 shambling mangroves
  7 alligators
  Urug (Lair:1)
  An orc high priest (Orc:2)
  Sonja (D:10)
  2 spriggan druids
  9 swamp dragons
  2 orc knights
  3 oklob plants (Lair:1)
  3 elephants (Lair:2)
  Joseph (D:9)
  A black mamba (Lair:2)
  14 spiny frogs
  4 komodo dragons
  A troll (Orc:2)
  14 tyrant leeches
  7 blink frogs
  11 hornets
  2 bog bodies
  A hippogriff (D:11)
  6 dream sheep (Lair:4)
  A slime creature (Swamp:1)
  8 spriggans
  7 yaks
  8 vampire mosquitoes
  3 wargs (Orc:1)
  6 insubstantial wisps (Swamp:4)
  8 water moccasins
  4 swamp worms
  9 orc warriors
  9 swamp drakes
  An ogre (D:7)
  4 wolves
  A centaur (D:5)
  2 crocodiles
  3 bullfrogs
  2 scorpions
  5 orc priests (Orc:2)
  3 orc wizards
  A wolf simulacrum (D:10)
  A yak simulacrum (D:10)
  A hound zombie (Ossuary)
  4 adders (Lair:2)
  10 orcs
  A ball python (Lair:2)
  2 kobolds (D:3)
  12 fungi
  29 plants
  A withered plant (Swamp:2)
246 creatures vanquished.

Vanquished Creatures (others)
  A skeletal warrior (Swamp:1)
  A flayed ghost (Swamp:3)
  A phantasmal warrior (Swamp:2)
  Maurice (D:9)
  A swamp worm zombie (Swamp:4)
  2 hydra zombies (Swamp:1)
  3 flying skulls (Lair:6)
  2 wraiths
  An air elemental (Elf:1)
  A vampire (Swamp:1)
  A spriggan (Swamp:1)
  An alligator skeleton (Swamp:2)
  A tyrant leech zombie (Swamp:1)
  An ettin skeleton (Orc:1)
  A spiny frog zombie (Lair:6)
  2 hornet zombies (Swamp:1)
  An orc warrior (Orc:1)
  A blink frog zombie (Lair:6)
  A vampire mosquito zombie (Swamp:1)
  2 blink frog skeletons (Lair:6)
  A swamp dragon skeleton (Swamp:2)
  A komodo dragon zombie (Lair:2)
  A warg zombie (Orc:1)
  A troll zombie (Orc:2)
  4 yak zombies
  A spriggan zombie (Swamp:1)
  2 wights
  3 wolf zombies
  A bullfrog zombie (Lair:6)
  A bog body skeleton (Swamp:4)
  An orc wizard (Orc:1)
  3 mummies
  A swamp drake zombie (Swamp:1)
  2 orcs
  2 kobolds (D:6)
  4 orc skeletons
  15 orc zombies
  A bush (Lair:5)
  3 fungi
  47 plants
  3 withered plants (Swamp:2)
124 creatures vanquished.

Grand Total: 906 creatures vanquished

Notes
Turn   | Place    | Note
-------+----------+-------------------------------------------
     0 | D:1      | Bikalo the Demonspawn Fighter began the quest for the Orb.
     0 | D:1      | Reached XP level 1. HP: 18/18 MP: 1/1
   115 | D:1      | Reached skill level 2 in Polearms
   120 | D:1      | Gained mutation: A weak demonic guardian rushes to your
                  | aid. [demonic ancestry]
   120 | D:1      | Reached XP level 2. HP: 22/24 MP: 2/2
   423 | D:1      | Reached XP level 3. HP: 25/29 MP: 3/3
  1492 | D:2      | Found a stormy altar of Qazlal.
  1691 | D:3      | Gained mutation: You are partially covered in thin metallic
                  | scales. (AC +2) [demonic ancestry]
  1691 | D:3      | Reached XP level 4. HP: 35/35 MP: 4/4
  1718 | D:3      | Noticed Sigmund
  2281 | D:3      | Killed Sigmund
  2281 | D:3      | Reached skill level 3 in Polearms
  2281 | D:3      | Gained mutation: You have a pair of small antennae on your
                  | head. [demonic ancestry]
  2281 | D:3      | Reached XP level 5. HP: 31/42 MP: 5/5
  2505 | D:3      | Gained mutation: You are dopey. (Int -2) [potion of
                  | mutation]
  2505 | D:3      | Gained mutation: You are agile. (Dex +2) [potion of
                  | mutation]
  2874 | D:4      | Reached XP level 6. HP: 41/48 MP: 6/6
  3055 | D:4      | Reached skill level 4 in Polearms
  3758 | D:5      | Entered Level 5 of the Dungeon
  4369 | D:6      | Reached XP level 7. HP: 50/55 MP: 7/7
  4589 | D:6      | Found Cuatuh's Food Shop.
  5397 | D:7      | Noticed Harold
  5423 | D:7      | Reached skill level 5 in Polearms
  5865 | D:7      | Noticed a hungry ghost
  5881 | D:7      | Killed a hungry ghost
  5983 | D:7      | Killed Harold
  5983 | D:7      | Reached skill level 5 in Fighting
  5983 | D:7      | Reached skill level 6 in Polearms
  5983 | D:7      | Reached skill level 5 in Armour
  5983 | D:7      | Reached skill level 5 in Shields
  5983 | D:7      | Gained mutation: You are mostly covered in thin metallic
                  | scales. (AC +3) [demonic ancestry]
  5983 | D:7      | Reached XP level 8. HP: 62/63 MP: 8/8
  5996 | D:7      | Found a staircase to the Ecumenical Temple.
  5996 | D:7      | Noticed a manticore
  6015 | D:7      | Killed a manticore
  6019 | Temple   | Entered the Ecumenical Temple
  6135 | Temple   | Became a worshipper of Yredelemnul the Dark
  6227 | D:7      | Reached skill level 7 in Polearms
  6227 | D:7      | Gained mutation: You have a pair of antennae on your head.
                  | [demonic ancestry]
  6227 | D:7      | Reached XP level 9. HP: 59/69 MP: 9/9
  6315 | D:7      | Got a pair of faintly glowing gloves
  6326 | D:7      | Identified the +1 pair of gloves of Wutolib {+Blink rN+
                  | Str-5 Slay+5} (You found it on level 7 of the Dungeon)
  6550 | D:7      | Found a runed translucent door.
  6551 | D:7      | Noticed Crazy Yiuf
  6667 | D:7      | Killed Crazy Yiuf
  6935 | D:8      | Found a sand-covered staircase.
  6941 | Ossuary  | Entered an ossuary
  6971 | Ossuary  | Reached * piety under Yredelemnul
  7172 | Ossuary  | Reached ** piety under Yredelemnul
  7337 | D:8      | Noticed Gastronok
  7359 | D:8      | Killed Gastronok
  7359 | D:8      | Reached skill level 8 in Polearms
  7359 | D:8      | Reached XP level 10. HP: 50/79 MP: 10/10
  7373 | D:8      | Found a hazy altar of Hepliaklqana.
  7421 | D:9      | Noticed Psyche
  7456 | D:8      | Killed Psyche
  7497 | D:9      | Reached skill level 9 in Polearms
  8040 | D:9      | Found a hazy altar of Hepliaklqana.
  8077 | D:9      | Noticed Joseph
  8092 | D:9      | Noticed an unseen horror
  8108 | D:9      | Killed Joseph
  8127 | D:9      | Killed an unseen horror
  8154 | D:9      | Found a basalt altar of Yredelemnul.
  8415 | D:9      | Noticed Maurice
  8431 | D:9      | Killed Maurice
  8523 | D:10     | Entered Level 10 of the Dungeon
  8526 | D:10     | Noticed Sonja
  8536 | D:10     | Killed Sonja
  8536 | D:10     | Reached *** piety under Yredelemnul
  8536 | D:10     | Reached skill level 1 in Invocations
  8878 | D:10     | Noticed a necromancer
  8892 | D:10     | Killed a necromancer
  9037 | D:10     | Received a gift from Yredelemnul (a mummy)
  9203 | D:10     | Reached skill level 10 in Polearms
  9208 | D:10     | Gained mutation: You sometimes gain a little power by
                  | taking damage. [demonic ancestry]
  9208 | D:10     | Reached XP level 11. HP: 86/86 MP: 12/12
  9859 | D:11     | Noticed an unseen horror
  9874 | D:11     | Killed an unseen horror
  9882 | D:11     | Noticed a purple ugly thing
  9883 | D:11     | Found a staircase to the Orcish Mines.
  9922 | D:10     | Killed a purple ugly thing
 10796 | D:10     | Reached **** piety under Yredelemnul
 11213 | D:11     | Found a staircase to the Lair.
 11824 | Lair:1   | Entered Level 1 of the Lair of Beasts
 11851 | Lair:1   | Reached skill level 5 in Invocations
 12304 | Orc:1    | Entered Level 1 of the Orcish Mines
 12371 | Orc:1    | Reached skill level 11 in Polearms
 12568 | Orc:1    | Noticed an ettin
 12583 | Orc:1    | Killed an ettin
 12592 | Orc:1    | Received a gift from Yredelemnul (a mummy)
 13056 | Orc:1    | Gained mutation: A demonic guardian rushes to your aid.
                  | [demonic ancestry]
 13056 | Orc:1    | Reached XP level 12. HP: 53/95 MP: 16/16
 13163 | Orc:2    | Entered Level 2 of the Orcish Mines
 13229 | Orc:2    | Found a staircase to the Elven Halls.
 13295 | Orc:2    | Reached ***** piety under Yredelemnul
 13300 | Orc:2    | Noticed an orc high priest
 13317 | Orc:2    | Noticed an orc high priest
 13317 | Orc:2    | Noticed an orc high priest
 13319 | Orc:2    | Noticed an orc high priest
 13322 | Orc:2    | Noticed an orc high priest
 13342 | Elf:1    | Entered Level 1 of the Elven Halls
 14265 | Orc:2    | Received a gift from Yredelemnul (a wight)
 14939 | Orc:2    | Killed an orc high priest
 14964 | Orc:2    | Killed an orc high priest
 14971 | Orc:2    | Killed an orc high priest
 15061 | Orc:2    | Killed an orc high priest
 15174 | Orc:2    | Found Ciddier's Distillery.
 15175 | Orc:2    | Found Noad's Gadget Shop.
 15175 | Orc:2    | Found Liomuan's Assorted Antiques.
 15176 | Orc:2    | Found Sautz's Antique Armour Boutique.
 15182 | Orc:2    | Bought a bloodstained buckler for 266 gold pieces
 15182 | Orc:2    | Identified the +0 buckler of Uskayaw's Whim {rC- rN+++
                  | Stlth+} (You bought it in a shop on level 2 of the Orcish
                  | Mines)
 15186 | Orc:2    | Bought a glowing iron ring for 115 gold pieces
 15186 | Orc:2    | Bought a runed spear for 138 gold pieces
 15471 | Lair:1   | Found a runed translucent door.
 15473 | Lair:1   | Noticed Necrophagist's ghost (journeyman KoCj)
 15476 | Lair:1   | Noticed Urug
 15496 | Lair:1   | Killed Urug
 15535 | Lair:1   | Killed Necrophagist's ghost
 15535 | Lair:1   | Reached skill level 12 in Polearms
 16237 | Lair:1   | Got an ancient fustibalus
 16239 | Lair:1   | Identified the +5 fustibalus "Agiyttuz" {freeze, +Inv rC+}
                  | (You found it on level 1 of the Lair of Beasts)
 16384 | Lair:1   | Noticed a five-headed hydra
 16393 | Lair:1   | Killed a five-headed hydra
 17082 | Lair:2   | Reached skill level 10 in Fighting
 17179 | Lair:2   | Noticed Fannar
 17209 | Lair:2   | Killed Fannar
 17209 | Lair:2   | Reached skill level 1 in Slings
 17424 | Lair:2   | Gained mutation: You are robust. (+10% HP) [demonic
                  | ancestry]
 17424 | Lair:2   | Reached XP level 13. HP: 97/113 MP: 19/19
 17467 | Lair:2   | Received a gift from Yredelemnul (a mummy)
 17581 | Lair:2   | Found a staircase to the Snake Pit.
 17628 | Lair:2   | Received a gift from Yredelemnul (a wraith)
 17815 | Lair:2   | Received a gift from Yredelemnul (a vampire)
 17836 | Lair:2   | Lost mutation: You are agile. (Dex +2) [potion of mutation]
 17836 | Lair:2   | Gained mutation: Your magical capacity is low. (-10% MP)
                  | [potion of mutation]
 17836 | Lair:2   | Gained mutation: You have a pair of large antennae on your
                  | head. (SInv) [potion of mutation]
 18937 | Lair:3   | Found a white marble altar of Elyvilon.
 19368 | Lair:4   | Found a staircase to the Swamp.
 19957 | Lair:5   | Got a pitted turquoise ring
 20173 | Lair:5   | Received a gift from Yredelemnul (3 flying skulls)
 20429 | Lair:5   | Found a viscous altar of Jiyva.
 20429 | Lair:5   | Found a staircase to the Slime Pits.
 20730 | Lair:6   | Entered Level 6 of the Lair of Beasts
 20990 | Lair:6   | Received a gift from Yredelemnul (a wight)
 21006 | Lair:6   | Reached skill level 13 in Polearms
 21056 | Lair:6   | Reached ****** piety under Yredelemnul
 21162 | Lair:6   | Received a gift from Yredelemnul (a vampire)
 21166 | Lair:6   | Reached skill level 10 in Shields
 21561 | Lair:6   | Found an ancient bone altar of Kikubaaqudgha.
 21949 | Swamp:1  | Entered Level 1 of the Swamp
 22043 | Swamp:1  | Received a gift from Yredelemnul (a skeletal warrior)
 22053 | Swamp:1  | Reached skill level 10 in Armour
 22070 | Swamp:1  | Reached XP level 14. HP: 78/122 MP: 6/19
 22108 | Swamp:1  | Received a gift from Yredelemnul (a wraith)
 22159 | Swamp:1  | HP: 6/122 [six-headed hydra (11)]
 22168 | Swamp:1  | Reached skill level 10 in Invocations
 22291 | Swamp:1  | Received a gift from Yredelemnul (a phantasmal warrior)
 24372 | Swamp:2  | Found a runed translucent door.
 24377 | Swamp:2  | Identified the +7 spear of Ilixul {vamp, Str+4}
 24379 | Swamp:2  | Noticed Jorchehe's ghost (adept DgFE)
 24495 | Swamp:2  | Killed Jorchehe's ghost
 24503 | Swamp:2  | Received a gift from Yredelemnul (a phantasmal warrior)
 24514 | Swamp:2  | Reached skill level 5 in Slings
 25042 | Swamp:2  | Got a steaming copper ring
 25043 | Swamp:2  | Identified the ring of Masycag {Ice Int+3 Stlth+} (You
                  | found it on level 5 of the Lair of Beasts)
 25044 | Swamp:2  | Identified the ring "Zoabee" {rElec rC+ rCorr Dex+2} (You
                  | found it on level 2 of the Swamp)
 25564 | Swamp:3  | Received a gift from Yredelemnul (a flayed ghost)
 25656 | Swamp:3  | Reached skill level 14 in Polearms
 26033 | Swamp:3  | Received a gift from Yredelemnul (a ghoul)
 26564 | Swamp:4  | Entered Level 4 of the Swamp
 26645 | Swamp:4  | Mutation became permanent: You have a pair of antennae on
                  | your head. [demonic ancestry]
 26645 | Swamp:4  | Gained mutation: You have a pair of large antennae on your
                  | head. (SInv) [demonic ancestry]
 26645 | Swamp:4  | Reached XP level 15. HP: 130/130 MP: 20/20
 26755 | Swamp:4  | Received a gift from Yredelemnul (a vampire knight)
 26877 | Swamp:4  | Slain by a six-headed hydra

Levels and vault maps discovered:
D:1:      dpeg_arrival_shelter, layout_basic, minmay_distorted
D:2:      layout_rooms, first_ration, hex_medium,
          nicolae_qazlal_eye_of_the_storm
D:3:      layout_loops_ring, minmay_goblin_outpost, uniq_sigmund
D:4:      layout_layer_cave, minmay_misc_feat_tower
D:5:      layout_cave_pools, kennysheep_minor_cross
D:6:      layout_gridville, gup_sewer_entry_spiral, serial_shops,
          kennysheep_mini
D:7:      layout_rooms, minmay_temple_entry_glassed_door,
          minmay_tree_intersection, uniq_harold, uniq_crazy_yiuf_cottage
D:8:      layout_rooms, lemuel_coloured_pillars_altar,
          nicolae_ossuary_entry_plus, minmay_liquid_box, the_bakery,
          uniq_gastronok
D:9:      layout_cave_pools, basic_altar, enter_bailey_7,
          yredelemnul_altar_generic, uniq_psyche, uniq_maurice, uniq_joseph
D:10:     layout_stronghold, eino_house_with_fridge, uniq_sonja
D:11:     layout_cave_pools, david_lair_shrubbed, david_orc_2
D:12:     layout_roguey
Temple:   roderic_octagonal_lattice_temple
Lair:1:   minmay_lair_oklob_tunnel, layout_regular_city,
          ebering_ghost_inner_flame, infiniplex_staircase_pool_2, uniq_urug
Lair:2:   layout_cave_pods, minmay_snake_entry_six_corridors,
          serial_bayou_pond_e, worms_lemuel, serial_bayou_shore_b,
          lemuel_fruit_fields, uniq_fannar
Lair:3:   layout_gridlike, basic_altar, grunt_forest_stairs_basic,
          grunt_forest_small_clearings, lemuel_fruit_tree
Lair:4:   layout_roguey, skrybe_swamp_entry_bodies
Lair:5:   layout_regular_city, dpeg_slime_entry_enclosed_altar
Lair:6:   minmay_lair_end_frog_pond, layout_cave_pods, basic_altar
Swamp:1:  layout_basic_swamp, evilmike_swamp_ruin_house_1, st_swamp_ruins_4
Swamp:2:  layout_falls_marsh, ebering_ghost_funeral_grove,
          evilmike_swamp_ruin_rubble_2
Swamp:3:  layout_basic_swamp, nicolae_swamp_feature_on_the_river_bank
Swamp:4:  swamp_pestilence, layout_basic_swamp
Orc:1:    layout_caves, nooodl_orcs_dogs
Orc:2:    st_orc_pillars, layout_caves, nicolae_orc_flooded_monolith
Elf:1:    eino_elf_arrival_customs, layout_gridlike, serial_shops, shop,
          hangedman_elf_disciples, nrook_mini_backslash,
          lemuel_flamethrower_hall

Skill      XL: |  1  2  3  4  5  6  7  8  9 10 11 12 13 14 |
---------------+-------------------------------------------+-----
Polearms       | 2 3 4 6 7 8 10 11 12 13 14 | 14.2
Shields        | 3 4 5 6 7 8 9 10 | 10.8
Armour         | 3 4 5 6 7 8 9 10 | 10.8
Fighting       | 4 5 6 7 8 9 10 11 | 11.6
Invocations    | 2 5 8 9 11 | 11.1
Slings         | 1 4 5 |  5.8

Action                   |  1- 3 |  4- 6 |  7- 9 | 10-12 | 13-15 || total
-------------------------+-------+-------+-------+-------+-------++-------
Melee: Trident           |   180 |   225 |   464 |   909 |       ||  1778
       Spear             |       |       |       |   207 |  1147 ||  1354
Invok: Animate Dead      |       |       |       |    13 |    39 ||    52
       Recall Undead Sla |       |       |       |     2 |       ||     2
       Drain Life        |       |       |       |     2 |     6 ||     8
       Enslave Soul      |       |       |       |     1 |       ||     1
  Use: Potion            |       |     8 |     4 |     3 |     7 ||    22
       Scroll            |       |     8 |     5 |     6 |     6 ||    25
 Stab: Distracted        |       |       |     6 |     9 |    25 ||    40
  Eat: Chunk             |     3 |     5 |     4 |    26 |    15 ||    53
       Ration            |       |     1 |     3 |     4 |     8 ||    16
Armor: Scale mail        |   102 |    76 |   132 |   224 |       ||   534
       Plate armour      |       |       |       |    86 |   192 ||   278
       Swamp dragon scal |       |       |       |       |    65 ||    65
Dodge: Dodged            |    66 |    56 |    71 |   160 |    87 ||   440
Block: Shield            |   108 |   154 |   236 |   613 |   406 ||  1517
       Reflection        |       |     7 |     3 |    39 |     4 ||    53

Table legend:
 A = Non-vault XP
 B = Vault XP
 C = Vault XP percentage of total XP
 D = Non-vault monster count
 E = Vault monster count
 F = Vault count percentage of total count
                 A         B        C        D         E       F
            +---------+---------+-------+---------+---------+-------
      Total |   67373 |   39435 |  36.9 |     490 |     257 |  34.4
            +---------+---------+-------+---------+---------+-------
        D:1 |      42 |       9 |  17.6 |      27 |       2 |   6.9
        D:2 |      45 |       0 |   0.0 |      19 |       0 |   0.0
        D:3 |      49 |     199 |  80.2 |      18 |      12 |  40.0
        D:4 |     128 |       0 |   0.0 |      15 |       0 |   0.0
        D:5 |     203 |       0 |   0.0 |       9 |       0 |   0.0
        D:6 |     270 |      52 |  16.1 |      25 |       8 |  24.2
        D:7 |    1248 |    1043 |  45.5 |      20 |       2 |   9.1
        D:8 |     744 |    2522 |  77.2 |      23 |       3 |  11.5
        D:9 |    1429 |     789 |  35.6 |      14 |       6 |  30.0
       D:10 |    3335 |    1521 |  31.3 |      30 |      15 |  33.3
       D:11 |    4391 |     353 |   7.4 |      33 |       6 |  15.4
       D:12 |     173 |       0 |   0.0 |       2 |       0 |   0.0
     Lair:1 |    1807 |    3362 |  65.0 |       7 |       8 |  53.3
     Lair:2 |    5866 |    2251 |  27.7 |      28 |      18 |  39.1
     Lair:3 |    1249 |       0 |   0.0 |      11 |       0 |   0.0
     Lair:4 |    2470 |     202 |   7.6 |      16 |       1 |   5.9
     Lair:5 |    3181 |       0 |   0.0 |      19 |       0 |   0.0
     Lair:6 |    2139 |    8881 |  80.6 |      18 |      44 |  71.0
    Swamp:1 |    9238 |    6117 |  39.8 |      38 |      14 |  26.9
    Swamp:2 |    8560 |    3287 |  27.7 |      27 |       6 |  18.2
    Swamp:3 |   11374 |       0 |   0.0 |      38 |       0 |   0.0
    Swamp:4 |    7008 |       0 |   0.0 |      26 |       0 |   0.0
      Orc:1 |    1742 |    1643 |  48.5 |      16 |      15 |  48.4
      Orc:2 |     679 |    6754 |  90.9 |      10 |      59 |  85.5
      Elf:1 |       3 |       0 |   0.0 |       1 |       0 |   0.0
    Ossuary |       0 |     450 | 100.0 |       0 |      38 | 100.0
            +---------+---------+-------+---------+---------+-------
